Cogmind - Beta 13 @@@ ROGUE MODE // 2024.05.07 @ 23:24:39 Player: Compound1080 Result: Self-destructed Performance ------------- Evolutions (2) 1000 Regions Visited (5) 1000 Robots Destroyed (27) 135 Value Destroyed (809) 809 Prototype IDs (25) 500 Alien Tech Used (0) 0 Bonus (300) 300 TOTAL SCORE: 3744 Bonus ------- Aligned with FarCom 300 Cogmind --------- Core Integrity 361/550 Matter 287/300 Energy 100/100 System Corruption 0% Temperature Cool (0) Movement Walking (130) Location -8/Materials Parts ------- > --- POWER (1) -------- (None) > --- PROPULSION (3) --- Titanium Leg Titanium Leg > --- UTILITY (5) ------ Medium Storage Unit Signal Interpreter > --- WEAPON (2) ------- (None) > --- INVENTORY (10) --- Light Ion Engine Aluminum Leg Aluminum Leg Gravmag System Gravmag System Gravmag System Gravmag System Small Storage Unit ECM Suite Light Assault Rifle Peak State ------------ > --- POWER ------------ Light Nuclear Core > --- PROPULSION ------- Titanium Leg Titanium Leg Titanium Leg > --- UTILITY ---------- Small Storage Unit Signal Interpreter Seismic Detector Cloak of Protection > --- WEAPON ----------- Light Assault Rifle Light Assault Rifle > --- INVENTORY -------- Light Ion Engine Gravmag System Gravmag System Gravmag System Gravmag System Medium Storage Unit Heavy Assault Rifle [Rating: 27] Favorites ----------- Power Light Nuclear Core Engine Ion Engine Power Core Light Nuclear Core Propulsion Aluminum Leg Leg Aluminum Leg Utility Small Storage Unit Device Seismic Detector Storage Small Storage Unit Processor Signal Interpreter Weapon Light Assault Rifle Ballistic Gun Light Assault Rifle Launcher Grenade Launcher Build | -11 -10 -10 -10 -9 -8 ------- Run | Yrd Mat Min Exi Min Mat Slots Evolved 4 | . . . . . 4 Power . | . . . . . . Propulsion 1 | . . . . . 1 Utility 3 | . . . . . 3 Weapon . | . . . . . . Parts Attached 19 | 7 . . . 3 9 Power 2 | 1 . . . 1 . Engine 1 | 1 . . . . . Core 1 | . . . . 1 . Reactor . | . . . . . . Propulsion 7 | 2 . . . 1 4 Treads . | . . . . . . Leg 7 | 2 . . . 1 4 Wheel . | . . . . . . Hover . | . . . . . . Flight . | . . . . . . Utility 5 | 2 . . . . 3 Device 2 | 1 . . . . 1 Storage 2 | 1 . . . . 1 Processor 1 | . . . . . 1 Hackware . | . . . . . . Protection . | . . . . . . Artifact . | . . . . . . Weapon 5 | 2 . . . 1 2 Energy Gun . | . . . . . . Energy Cannon . | . . . . . . Ballistic Gun 4 | 2 . . . . 2 Ballistic Cannon . | . . . . . . Launcher 1 | . . . . 1 . Special Weapon . | . . . . . . Impact Weapon . | . . . . . . Slashing Weapon . | . . . . . . Piercing Weapon . | . . . . . . Special Melee Weapon . | . . . . . . Unidentified Prototypes . | . . . . . . Parts Lost 7 | . . . . 1 6 Power 1 | . . . . . 1 Propulsion 1 | . . . . . 1 Utility 2 | . . . . . 2 Weapon 3 | . . . . 1 2 Highest Loss Streak 4 | . . . . 1 4 To Critical Strikes . | . . . . . . Average Slot Usage (%) 95 | . 100 100 100 99 85 Engine 4 | . 14 14 14 1 . Core 7 | . . . . 13 8 Leg 27 | . 28 28 28 28 26 Device 13 | . 14 14 14 14 13 Storage 12 | . 14 14 14 14 9 Processor 2 | . . . . . 9 Ballistic Gun 19 | . 28 28 28 14 17 Launcher 4 | . . . . 13 . Naked Turns . | . . . . . . Heaviest Build 28 | 13 13 13 13 15 28 Greatest Support 51 | 20 20 20 20 20 51 Greatest Overweight (x) 6 | 1 . . . . 6 Average Overweight (x) . | . . . . . . Largest Inventory Capacity 10 | 8 8 8 8 8 10 Average Capacity 8 | 7 8 8 8 8 8 Most Carried 10 | 3 5 5 6 8 10 Average Carried 6 | 2 4 5 5 7 6 Final Capacity 10 | 8 8 8 8 8 10 Final Carried 10 | 3 5 5 6 8 10 Class Distribution -------------------- 100% | Mutant Dominant Class ---------------- Mutant | -10/Materials Mutant | -10/Mines Mutant | -10/Exiles Mutant | -9/Mines Mutant | -8/Materials Resources | -11 -10 -10 -10 -9 -8 ----------- Run | Yrd Mat Min Exi Min Mat Matter Collected 752 | 285 . 26 . 206 235 Remotely . | . . . . . . Salvage Created 888 | 97 . 84 . 329 378 Parts 57 | 5 . 4 . 27 21 Haulers Intercepted . | . . . . . . Recyclers Shooed 2 | 1 . . . 1 . Parts Field Recycled . | . . . . . . Retrieved Matter . | . . . . . . Parts Self-Destructed . | . . . . . . Prevented . | . . . . . . Kills | -11 -10 -10 -10 -9 -8 ------- Run | Yrd Mat Min Exi Min Mat Combat Hostiles Destroyed 24 | . . 2 . 14 8 Guns 10 | . . 2 . . 8 AOE 14 | . . . . 14 . Classes Destroyed 6 | 2 . 1 . 2 1 Tunneler 3 | 1 . . . 2 . Recycler 2 | 1 . . . 1 . Swarmer 4 | . . . . 4 . Grunt 15 | . . 2 . 8 5 Sentry 3 | . . . . . 3 Assembled 2 | . . . . 2 . Best Kill Streak 7 | 2 . 2 . 7 2 Combat Bots Only 7 | . . 2 . 7 2 Max Kills in Single Turn 4 | 1 . 1 . 4 1 Gunslinging . | . . . . . . Exploded 4 | . . . . 4 . Melee . | . . . . . . Uniques/NPCs Destroyed . | . . . . . . Combat | -11 -10 -10 -10 -9 -8 -------- Run | Yrd Mat Min Exi Min Mat Hostile Shots Fired 154 | . . 15 . 18 121 Missed 41 | . . 3 . 8 30 Damage Taken 1630 | . . 170 . 221 1239 Core 343 | . . 63 . 91 189 Absorbed by Shields . | . . . . . . Core Remaining (%) 69 | 100 . . . 38 . Volleys Fired 102 | 8 1 12 . 33 48 Largest 2 | 2 2 2 . 1 2 Hottest 43 | 40 40 40 . 30 43 Shots Fired 167 | 15 2 24 . 33 93 Gun 146 | 15 2 24 . 12 93 Cannon . | . . . . . . Launcher 21 | . . . . 21 . Special . | . . . . . . Kinetic 146 | 15 2 24 . 12 93 Thermal . | . . . . . . Explosive 21 | . . . . 21 . Electromagnetic . | . . . . . . Robot Hit Streak 13 | 5 5 7 . 5 13 Robot Miss Streak 4 | 1 . 3 . 1 4 Penetration Max . | . . . . . . Secondary Targets . | . . . . . . Shots Hit Robots 113 | 10 2 16 . 13 72 Core Hits 69 | 5 . 7 . 27 30 Critical Kills . | . . . . . . Critical Parts Destroyed . | . . . . . . Critical Strikes . | . . . . . . Melee Attacks . | . . . . . . Impact . | . . . . . . Slashing . | . . . . . . Piercing . | . . . . . . Sneak Attacks . | . . . . . . Combat Hostiles . | . . . . . . Follow-up Attacks . | . . . . . . Damage Inflicted 1871 | 84 15 127 . 903 742 Guns 1007 | 84 15 127 . 39 742 Cannons . | . . . . . . Explosions 863 | . . . . 863 . Melee . | . . . . . . Ramming 1 | . . . . 1 . Kinetic 1007 | 84 15 127 . 39 742 Thermal . | . . . . . . Explosive 863 | . . . . 863 . Electromagnetic . | . . . . . . Impact . | . . . . . . Slashing . | . . . . . . Piercing . | . . . . . . Highest Corruption . | . . . . . . Average Corruption . | . . . . . . Corruption Purged . | . . . . . . Corruption Blocked . | . . . . . . Overload Shots . | . . . . . . Overflow Damage 3 | . . . . 3 . Projectiles . | . . . . . . Explosions 3 | . . . . 3 . Melee . | . . . . . . Knockbacks . | . . . . . . Impact . | . . . . . . Kinetic . | . . . . . . Secondary . | . . . . . . Self-Inflicted Damage 88 | . . . . 88 . Shots 6 | . . . . 6 . Rammed . | . . . . . . Targets Rammed 1 | . . . . 1 . Kicked 1 | . . . . 1 . Crushed . | . . . . . . Highest Temperature 24 | . . 18 . 5 24 Average Temperature 7 | . . 9 . 2 7 Received Heat Transfer 732 | . . 93 . 45 594 Siege Activations . | . . . . . . Robots Corrupted . | . . . . . . Combat Hostiles . | . . . . . . Parts Fried . | . . . . . . Impact Corruptions . | . . . . . . Robots Melted . | . . . . . . Combat Hostiles . | . . . . . . Parts Melted . | . . . . . . Heat Transferred . | . . . . . . Parts Sabotaged . | . . . . . . Parts Stolen . | . . . . . . Parts Stripped . | . . . . . . Power Chain Reactions . | . . . . . . Alert | -11 -10 -10 -10 -9 -8 ------- Run | Yrd Mat Min Exi Min Mat Peak Influence 184 | 10 19 57 . 184 181 Initial 7 | . 6 7 . . 7 Average 65 | 2 18 29 . 114 45 Maximum Alert Level . | . . . . . . Low Security (%) 100 | 100 100 100 . 100 100 Level 1 . | . . . . . . Level 2 . | . . . . . . Level 3 . | . . . . . . Level 4 . | . . . . . . Level 5 . | . . . . . . High Security . | . . . . . . Max Security . | . . . . . . Squads Dispatched 10 | . 1 . . . 9 Investigation 1 | . . . . . 1 Extermination . | . . . . . . Reinforcement 3 | . 1 . . . 2 Assault . | . . . . . . Garrison 6 | . . . . . 6 Intercept . | . . . . . . Searches Triggered . | . . . . . . Construction Impeded . | . . . . . . Haulers Reinforced . | . . . . . . Active Scanning Responses . | . . . . . . Cargo Convoy Interrupts . | . . . . . . Stealth | -11 -10 -10 -10 -9 -8 --------- Run | Yrd Mat Min Exi Min Mat Distress Signals 6 | . . . . 5 1 Communications Jammed . | . . . . . . Distress Signals . | . . . . . . Times Spotted 37 | . 2 2 . 15 18 Peak Tracking Total 10 | . 2 2 . 7 10 Tactical Retreats 1 | . . . . . 1 Traps | -11 -10 -10 -10 -9 -8 ------- Run | Yrd Mat Min Exi Min Mat Traps Triggered . | . . . . . . Indirectly . | . . . . . . Trap Hack Attempts . | . . . . . . Triggered . | . . . . . . Disarmed . | . . . . . . Reprogrammed . | . . . . . . Reused . | . . . . . . Traps Extracted . | . . . . . . Installed . | . . . . . . Triggered . | . . . . . . Machines | -11 -10 -10 -10 -9 -8 ---------- Run | Yrd Mat Min Exi Min Mat Machines Disabled . | . . . . . . Max in Single Turn . | . . . . . . Machines Repaired . | . . . . . . Machines Dismantled . | . . . . . . Machines Sabotaged . | . . . . . . Overloaded Fab Kills . | . . . . . . Hacking | -11 -10 -10 -10 -9 -8 --------- Run | Yrd Mat Min Exi Min Mat Machines Accessed 7 | . 2 . 1 . 4 Terminals 5 | . 2 . . . 3 Fabricators . | . . . . . . Repair Stations . | . . . . . . Recycling Units . | . . . . . . Scanalyzers . | . . . . . . Garrison Access 1 | . . . . . 1 Total Hacks 22 | . 4 . 1 . 17 Successful 14 | . 3 . 1 . 10 Failed 8 | . 1 . . . 7 Catastrophic 1 | . . . . . 1 Database Lockouts . | . . . . . . Manual 4 | . 1 . 1 . 2 Terminals 20 | . 4 . . . 16 Fabricators . | . . . . . . Repair Stations . | . . . . . . Recycling Units . | . . . . . . Scanalyzers . | . . . . . . Garrison Access 1 | . . . . . 1 Terminal Hacks 14 | . 3 . 1 . 10 Record 3 | . . . . . 3 Prototype ID Bank 1 | . . . . . 1 Level Access Points 1 | . . . . . 1 Branch Access Points 1 | . 1 . . . . Alert Level 1 | . . . . . 1 Unreport Threat 1 | . . . . . 1 Patrol Status 1 | . . . . . 1 Assault Status 1 | . . . . . 1 Hauler Manifests 2 | . 1 . . . 1 Zone Layout 1 | . 1 . . . . Derelict Proto ID Bank 1 | . . . 1 . . Fabricator Hacks . | . . . . . . Repair Station Hacks . | . . . . . . Recycling Unit Hacks . | . . . . . . Scanalyzer . | . . . . . . Garrison Access Hacks . | . . . . . . Unauthorized Hacks . | . . . . . . Terminals . | . . . . . . Fabricators . | . . . . . . Repair Stations . | . . . . . . Recycling Units . | . . . . . . Scanalyzers . | . . . . . . Garrison Access . | . . . . . . Data Cores Recovered . | . . . . . . Used . | . . . . . . Hacking Detections 4 | . 1 . . . 3 Full Trace Events 1 | . . . . . 1 Feedback Events . | . . . . . . Feedback Blocked . | . . . . . . Robot Schematics Acquired . | . . . . . . Robots Built . | . . . . . . Authchips . | . . . . . . Time . | . . . . . . Total Robot Build Rating . | . . . . . . Part Schematics Acquired . | . . . . . . Parts Built . | . . . . . . Authchips . | . . . . . . Time . | . . . . . . Total Part Build Rating . | . . . . . . Parts Repaired . | . . . . . . Time . | . . . . . . Parts Recycled . | . . . . . . Recycled Matter . | . . . . . . Retrieved Matter . | . . . . . . Retrieved Components . | . . . . . . Parts Scanalyzed . | . . . . . . Part Schematics Acquired . | . . . . . . Parts Damaged . | . . . . . . Bothacking | -11 -10 -10 -10 -9 -8 ------------ Run | Yrd Mat Min Exi Min Mat Used RIF Installer . | . . . . . . Robots Hacked . | . . . . . . Non-combat . | . . . . . . Combat . | . . . . . . Robot Hacks Applied . | . . . . . . Relay Couplers Released . | . . . . . . Fabnet Peak Effective % . | . . . . . . Robots Rewired . | . . . . . . Allies Hacked . | . . . . . . Hacks Repelled . | . . . . . . Allies | -11 -10 -10 -10 -9 -8 -------- Run | Yrd Mat Min Exi Min Mat Total Allies . | . . . . . . Largest Group . | . . . . . . Highest-Rated Group . | . . . . . . Highest-Rated Ally . | . . . . . . Total Orders . | . . . . . . Ally Attacks . | . . . . . . Total Damage . | . . . . . . Kills . | . . . . . . Allies Corrupted . | . . . . . . Allies Melted . | . . . . . . Intel | -11 -10 -10 -10 -9 -8 ------- Run | Yrd Mat Min Exi Min Mat Robot Analysis Total . | . . . . . . Derelict Logs Recovered 1 | . . 1 . . . Drone Launches . | . . . . . . Drone Recoveries . | . . . . . . Exploration | -11 -10 -10 -10 -9 -8 ------------- Run | Yrd Mat Min Exi Min Mat Turns Passed 2837 | 85 198 421 253 974 906 Spaces Moved 1145 | 48 159 173 211 375 179 Core 9 | 8 . . . . 1 Treads . | . . . . . . Legs 1136 | 40 159 173 211 375 178 Wheels . | . . . . . . Hover . | . . . . . . Flight . | . . . . . . Fastest Speed 50 | 50 120 120 120 120 120 Average Speed 120 | 109 120 120 120 120 125 Slowest Speed 350 | 190 120 120 120 120 350 Overloaded Moves . | . . . . . . Propulsion Burnouts . | . . . . . . Robots Hopped . | . . . . . . Cave-ins Triggered . | . . . . . . Exploration Rate (%) 34 | 4 40 35 41 72 13 Regions Visited 5 Branch Regions 3 Pre-discovered Areas . | . . . . . . Known Exits Taken 1 | . 1 . . . . Unknown Exits Taken 4 | 1 . 1 1 1 . Scrap Searched 2 | . . 1 . 1 . Spaces Dug . | . . . . . . Terrain Destroyed 103 | . . . . 103 . Melee . | . . . . . . Projectile . | . . . . . . AOE 103 | . . . . 103 . Terrain Rammed . | . . . . . . Walls Destroyed . | . . . . . . Machines Disabled . | . . . . . . Actions | -11 -10 -10 -10 -9 -8 --------- Run | Yrd Mat Min Exi Min Mat Total 2456 | 65 165 367 211 867 781 Wait 1164 | . . 183 . 451 530 Move 1140 | 47 158 172 210 374 179 Hop . | . . . . . . Pick Up 20 | 3 4 . 1 3 9 Fast Attach 11 | 7 . . . 1 3 Attach 4 | . . . . . 4 Detach . | . . . . . . Swap 4 | . . . . 2 2 Drop 10 | . 2 . . 2 6 Fire 102 | 8 1 12 . 33 48 Melee . | . . . . . . Ram . | . . . . . . Kick 1 | . . . . 1 . Crush . | . . . . . . Escape Stasis . | . . . . . . Rewire . | . . . . . . Trap . | . . . . . . Miscellaneous . | . . . . . . Route ------- -11/Scrapyard -10/Materials (discovered 2 exits: *Min x2) -10/Mines (discovered 2 exits: [*Mat] / *Exi) -10/Exiles -9/Mines -8/Materials (discovered 3 exits: Fac x3) History --------- Turn | Location | Event 12 | -11/Scrapyard | Discovered new exit (range 16) 86 | -11/Scrapyard | Entered Materials 96 | -10/Materials | Identified exit to Mines 284 | -10/Materials | Entered Mines 296 | -10/Mines | Met a Derelict bent on vengeance 316 | -10/Mines | Build established: Mutant 544 | -10/Mines | Learned location of 1 exit from Materials 615 | -10/Mines | Discovered new exit (range 6) 700 | -10/Mines | Deemed a non-threat by the Exiles lab entrance 700 | -10/Mines | Discovered new exit (range 5) 705 | -10/Mines | Entered Exiles 735 | -10/Exiles | Met 8R-AWN 756 | -10/Exiles | Met EX-HEX 794 | -10/Exiles | Met EX-BIN 807 | -10/Exiles | Aligned with FarCom system 809 | -10/Exiles | Given EX-Vault access code 836 | -10/Exiles | Opened EX-Vault 843 | -10/Exiles | Found Cloak of Protection 867 | -10/Exiles | Warned to stay clear of 0b10 Research branches 945 | -10/Exiles | Discovered new exit (range 14) 958 | -10/Exiles | Left Exiles lab with Cloak of Protection 958 | -10/Exiles | Entered Mines 985 | -9/Mines | Destroyed 7 combat bots 1096 | -9/Mines | Excavation squad dispatched 1096 | -9/Mines | A large section of the Mines collapsed 1346 | -9/Mines | Excavation squad dispatched 1494 | -9/Mines | Core integrity fell below 50% 1596 | -9/Mines | Excavation squad dispatched 1811 | -9/Mines | Found a hidden stash of uninstalled traps 1846 | -9/Mines | Excavation squad dispatched 1913 | -9/Mines | Discovered new exit (range 15) 1932 | -9/Mines | Entered Materials 1932 | -8/Materials | Evolved 4 slots: Propulsion x1, Utility x3 1933 | -8/Materials | Identified exit to Factory 1978 | -8/Materials | Garrison activated, responded to threat 2630 | -8/Materials | Garrison activated, responded to threat 2838 | -8/Materials | Self-destructed Last Messages --------------- reinforcements. 02630_ ALERT: Activating Garrison Access M001. 02635_ Cloak of Protection destroyed. 02644_ Acquired 41 matter. 02647_ Critical hit (Burn: +37). 02648_ G-47 Trooper destroyed. 02649_ Acquired 40 matter. 02654_ G-47 Trooper destroyed. 02656_ Acquired 35 matter. 02659_ Acquired Aluminum Leg. 02680_ R-06 Scavenger collects Lgt. Nuclear Core. 02683_ Acquired ECM Suite. 02821_ ALERT: Hostiles spotted, dispatching reinforcements to Terminal M002. 02821_ Titanium Leg destroyed. 02824_ Lgt. Nuclear Core destroyed. 02829_ Lgt. Assault Rifle destroyed. 02834_ Y-45 Defender destroyed. 02838_ Hvy. Assault Rifle destroyed. Map ----- +----------------------------------------------------+ | ?????????????????????# + "" # | | ????????############## ########## # | | ????????# |= / # #?????########? | | ????????# |= """ # #?????# =#? | | ????????# == """ # ####### #? | | ????????# == """ # # """ #? | | ????????# = # %+% """ #? | | ????????#######/###### # """ #? | | ############# # #? | | ########? | | #???????? | | ^ ##??????? | | ##+########## T#??????? | | ????????????## ##??????? | | ??????????#### #???????? | | ??????????# "" #???????? | | ??????????#"G YY ########?????? | | ??????????# "" " # #?????? | | ??????????#### "" # ""#?????? | | ???????????### "" + = T"#?????? | | ???????????#"" """ # *""#?????? | | ???????????#"" "" b# g[% #?????? | | ???????????#"T """ # #?????? | | ???????????#"" """ ####g###?????? | | ???????????#"" """ # ss #?????? | | ???????????### " #@ s #?????? | | ?????????????# ggg=Y% """ #?????? | | ?????????????# *#= """ #?????? | | ?????????????# # """ #?????? | | ?????????????# o # #?????? | | ?????????????# ########?????? | | ?????????????#u #????????????? | | ?????????????# ] #????????????? | | ?????????????# #????????????? | | ?????????????# ?????????????? | | ?????????????# ""???????????????? | | ?????????????? ?????????????????? | | ???????????????? ????????????????????? | | ?????????????????????????????????????? | | ?????????????????????????????????????? | | ?????????????????????????????????????? | | ?????????????????????????????????????? | | ?????????????????????????????????????? | | ?????????????????????????????????????? | | ?????????????????????????????????????? | | ?????????????????????????????????????? | | ?????????????????????????????????????? | | ?????????????????????????????????????? | | ?????????????????????????????????????? | | ?????????????????????????????????????? | +----------------------------------------------------+ Best States ------------- Heat Dissipation 31 Energy Generation 14 Energy Capacity 250 Matter Stores 300 Matter Capacity 300 Sight Range 16 Terrain Scan Density 10 Evasion (%) 55 Item Schematics ----------------- None Robot Schematics ------------------ None Fabricated ------------ Nothing Alien Tech Used ----------------- None Achievements -------------- Troublemaker Challenges ------------ None Game ------ Seed EnergySpreadBiocell Manual? 0 Play Time 00:21:37 Cumulative 15.9 hours Start 2024.05.07 @ 21:45:03 End 2024.05.07 @ 23:24:39 Sessions 3 Manual Loads 0 Difficulty Rogue Special Mode None Game No. 32 Rogue 32 Adventurer 0 Explorer 0 Win Type - Total 0 Types 0/0/0/0/0/0/0/0/0 Lore% 17 Gallery% 17 Achievement% 16 Wizard Run 0 Options --------- Layout 1 ASCII 0 Keyboard 0 Movement Mouse Keybinds 0 Fullscreen 2 Font 24/Smallcaps Map View 50x35 Zoom Use 0% Tactical HUD 1 Map Filters NONE Filters NONE Steam 1 RUN: f1a1aabc-1b07-4f06-95a9-0cd98c7f9850